 Seeded DCSS version 0.29-a0-1009-g60c99734e7 (webtiles) character file.

Game seed: 20220808 (custom seed)

3645 purpskrrrp the Skirmisher (level 10, -2/60 HPs)
             Began as a Formicid Hunter on Aug 8, 2022.
             Was an Initiate of Gozag.
             Slain by a two-headed ogre
             ... wielding a +0 giant club
              (21 damage)
             ... on level 9 of the Dungeon.
             The game lasted 00:20:34 (7312 turns).

purpskrrrp the Skirmisher (Formicid Hunter)         Turns: 7312, Time: 00:20:40

Health: -2/60      AC:  8    Str: 16    XL:     10   Next: 33%
Magic:  0/10       EV: 12    Int:  9    God:    Gozag
Gold:   430        SH:  0    Dex: 21    Spells: 9/9 levels left

rFire   . . .      SeeInvis +   f - +8 longbow of Fury {flame, *Slow rPois SInv}
rCold   . . .      Faith    .   (no shield)
rNeg    . . .      Spirit   +   c - +0 leather armour
rPois   +          Reflect  .   (helmet unavailable)
rElec   .          Harm     .   y - +0 cloak
rCorr   .          Rampage  .   w - +2 pair of gloves
Will    +....                   e - +0 pair of boots
Stlth   ++........              k - amulet of guardian spirit
HPRegen 0.20/turn               (no ring)
MPRegen 0.12/turn               (no ring)

@: unable to read
A: permanent stasis, dig shafts and tunnels, antennae 3, four strong arms, frail
1, mutation resistance 1, inability to read while threatened 1
a: Dig, Shaft Self, Renounce Religion, Potion Petition, Call Merchant, Bribe
Branch


You were on level 9 of the Dungeon.
You worshipped Gozag.
Gozag was aware of your devotion.
You visited 1 branch of the dungeon, and saw 10 of its levels.

You collected 629 gold pieces.
You spent 44 gold pieces at shops.
You paid 155 gold pieces to Gozag.

Inventory:

Hand Weapons
 a - a +0 shortbow
 f - the +8 longbow of Fury (weapon) {flame, *Slow rPois SInv}
   (You acquired it on level 1 of the Dungeon)

   Any ammunition fired from it burns those it strikes, dealing additional fire
   damage.
   rPois:     It protects you from poison.
   SInv:      It lets you see invisible.
   *Slow:     It may slow you when you take damage.
Armour
 c - a +0 leather armour (worn)
 e - a +0 pair of boots (worn)
 w - a +2 pair of gloves (worn)
 y - a +0 cloak (worn)
Jewellery
 k - an amulet of guardian spirit (around neck)
 u - an amulet of faith
Wands
 r - a wand of roots (27)
 t - a wand of paralysis (13) (quivered)
 x - a wand of acid (4)
 C - a wand of flame (17)
Scrolls
 b - 2 scrolls of immolation
 g - 3 scrolls of enchant armour
 j - 3 scrolls of blinking
 o - 2 scrolls of noise
 p - a scroll of teleportation
 D - a scroll of enchant weapon {unknown}
Potions
 d - 2 potions of might
 h - 6 potions of curing
 i - 3 potions of attraction {unknown}
 l - 3 potions of brilliance
 m - a potion of magic {unknown}
 q - 2 potions of resistance {unknown}
 v - a potion of cancellation {unknown}
 A - a potion of lignification {unknown}
Miscellaneous
 n - a piece from Xom's chessboard (15/15)


   Skills:
 - Level 2.1 Fighting
 + Level 14.5 Ranged Weapons
 - Level 1.7 Dodging
 - Level 1.2 Stealth


You had 9 spell levels left.
You didn't know any spells.
Your spell library contained the following spells:

 Spells                   Type           Power      Damage    Failure   Level
 Beastly Appendage        Tmut           0%         N/A       45%         1
 Poisonous Vapours        Pois/Air       0%         N/A       58%         2
 Wereblood                Tmut           0%         N/A       58%         2
 Conjure Flame            Conj/Fire      0%         6-21      83%         3
 Gell's Gravitas          Tloc           0%         N/A       83%         3
 Ignite Poison            Fire/Tmut/Pois 0%         N/A       83%         3
 Lesser Beckoning         Tloc           0%         N/A       83%         3
 Spider Form              Tmut/Pois      0%         N/A       83%         3
 Teleport Other           Tloc           0%         N/A       83%         3
 Animate Armour           Summ/Erth      0%         N/A       99%         4
 Sticky Flame             Conj/Fire      0%         2d3       99%         4
 Eringya's Noxious Bog    Tmut/Pois      0%         N/A       100%        6


Dungeon Overview and Level Annotations

Branches:
Dungeon (10/15)            Temple (0/1) D:5
   Lair: D:8-11         Orc: D:9-12

Altars:
Elyvilon
Gozag
Makhleb
Qazlal
Xom

Shops:
D:2 *   D:6 (


Innate Abilities, Weirdness & Mutations

You cannot be hasted, slowed, berserked, paralysed or teleported.
You can dig through walls and to a lower floor.
You have a pair of large antennae on your head. (SInv)
Your four strong arms can wield two-handed weapons with a shield.
You are frail. (-10% HP)
You are somewhat resistant to further mutation.
You occasionally lose the ability to read scrolls when taking damage.


Message History

You now have enough gold to petition Gozag for potion effects.
You now have 400 gold pieces (gained 21).
There is a stone staircase leading up here.
You climb upwards.
There is a stone staircase leading down here.
You open the door.
There is an open door here.
Found a stormy altar of Qazlal.
Found 4 stones.
You now have 407 gold pieces (gained 7).
You sense a monster nearby.
You now have 421 gold pieces (gained 14).
You now have 430 gold pieces (gained 9).
A two-headed ogre comes into view. It is wielding two +0 giant clubs.
The two-headed ogre shouts in stereo!
You hear a shout!
You shoot an arrow.
The arrow barely misses the two-headed ogre.
You shoot an arrow. The arrow hits the two-headed ogre!
The arrow burns the two-headed ogre.
The two-headed ogre is moderately wounded.
An orc comes into view. It is wielding a +0 club.
You shoot an arrow. The arrow hits the two-headed ogre!
The arrow burns the two-headed ogre.
The two-headed ogre is heavily wounded.
The two-headed ogre hits you with a +0 giant club!!
The two-headed ogre hits you with a +0 giant club!
You are too injured to fight recklessly!
Aiming: Paralyse
Press: ? - help, Q - select action, (/) - cycle Shift-Dir - straight line, f/p - two-headed ogre
Aim: a two-headed ogre, wielding two +0 giant clubs (heavily wounded, chance to affect: 31%)
Okay, then.
As you read the scroll labelled YMOLIZ YXOGUJ, it crumbles to dust.
You hear a loud clanging noise!
It was a scroll of noise.
You hear a shout! x3
The two-headed ogre hits you with a +0 giant club!
The two-headed ogre hits you with a +0 giant club!!
You feel threatened and lose the ability to read scrolls!
You die...
Your body crumbles into a pile of gold.

......#... #. #......... #.
#...... #......... #.
#......##....... #.
.#......##...... #.
.......##....# ###########.
.......##....#...........#.
#....##.@..#...........#>
#....##O...#...........#. $
#..........#...........#.
#..o.......#.# #...'.
+##............#######.###.
..............8.....#ยง....#.
......######....##+##.....#.
...... #####......._....
#..... #....#.....#.


You could see a two-headed ogre and an orc.

Vanquished Creatures
  Joseph (D:8)
  A hornet (D:10)
  Sigmund (D:3)
  A wyvern (D:7)
  2 wargs
  2 water moccasins
  A sky beast (D:7)
  2 black bears
  2 centaurs
  3 kobold brigands
  A bullfrog (D:8)
  A necrophage (D:6)
  2 scorpions
  5 wights
  8 killer bees
  2 electric eels (D:6)
  A howler monkey (D:5)
  3 hounds
  2 jellies
  A gnoll bouda (D:5)
  An orc priest (D:8)
  Jessica (D:3)
  Ijyb (D:3)
  Natasha (thrice) (D:4)
  7 iguanas
  3 orc wizards
  Robin (D:3)
  5 gnolls (D:5)
  7 adders
  2 white imps
  3 worms
  22 orcs
  4 bats
  6 endoplasms
  4 giant cockroaches
  13 goblins
  9 hobgoblins
  9 jackals
  19 kobolds
  2 quokkas
  5 ball pythons
  2 frilled lizards
  3 rats
174 creatures vanquished.

Vanquished Creatures (others)
  8 plants
8 creatures vanquished.

Grand Total: 182 creatures vanquished

Notes
Turn   | Place    | Note
-------+----------+-------------------------------------------
     0 | D:1      | purpskrrrp the Formicid Hunter began the quest for the Orb.
     0 | D:1      | Reached XP level 1. HP: 16/16 MP: 1/1
   156 | D:1      | Reached XP level 2. HP: 22/22 MP: 2/2
   213 | D:1      | Identified a scroll of acquirement
   213 | D:1      | Acquired the +8 longbow of Fury {flame, *Slow rPois SInv}
   630 | D:2      | Reached XP level 3. HP: 27/27 MP: 3/3
   734 | D:2      | Found a faded altar of an unknown god.
   965 | D:2      | Found Wigg's General Store.
   975 | D:2      | Bought a scroll of identify for 22 gold pieces
   975 | D:2      | Bought a scroll of identify for 22 gold pieces
   980 | D:2      | Gained mutation: You are frail. (-10% HP) [potion of
                  | mutation]
   980 | D:2      | Gained mutation: You are somewhat resistant to further
                  | mutation. [potion of mutation]
   980 | D:2      | Gained mutation: You occasionally lose the ability to read
                  | scrolls when taking damage. [potion of mutation]
   986 | D:2      | Reached skill level 5 in Ranged Weapons
  1298 | D:3      | Noticed Ijyb
  1301 | D:3      | Killed Ijyb
  1302 | D:3      | Reached XP level 4. HP: 29/29 MP: 4/4
  1393 | D:3      | Reached XP level 5. HP: 34/34 MP: 5/5
  1393 | D:3      | Noticed Robin
  1398 | D:3      | Reached skill level 6 in Ranged Weapons
  1406 | D:3      | Killed Robin
  1592 | D:3      | Noticed Jessica
  1594 | D:3      | Killed Jessica
  1873 | D:3      | Noticed Sigmund
  1876 | D:3      | Killed Sigmund
  1877 | D:3      | Reached skill level 7 in Ranged Weapons
  1877 | D:3      | Reached XP level 6. HP: 31/39 MP: 4/6
  2463 | D:4      | Reached XP level 7. HP: 37/45 MP: 4/7
  2468 | D:4      | Noticed Natasha
  2473 | D:4      | Killed Natasha
  2474 | D:4      | Reached skill level 8 in Ranged Weapons
  2662 | D:4      | Noticed Natasha
  2665 | D:4      | Killed Natasha
  2849 | D:4      | Identified the +6 trident "Rooxt" {vamp, rN+ MP+9 Str+2}
  3035 | D:4      | Noticed Natasha
  3042 | D:4      | Killed Natasha
  3361 | D:5      | Entered Level 5 of the Dungeon
  3415 | D:5      | Found a shimmering altar of Xom.
  3428 | D:5      | Found a staircase to the Ecumenical Temple.
  3455 | D:5      | Reached skill level 9 in Ranged Weapons
  3602 | D:5      | Reached XP level 8. HP: 50/50 MP: 8/8
  4155 | D:5      | Reached skill level 10 in Ranged Weapons
  4790 | D:6      | Found Veqom's Weapon Shop.
  4984 | D:6      | Found a transporter.
  4996 | D:6      | Found a transporter.
  5068 | D:6      | Reached skill level 11 in Ranged Weapons
  5314 | D:6      | Reached XP level 9. HP: 47/54 MP: 7/9
  5725 | D:7      | Got the Precepts of Putrid Generation
  5770 | D:7      | Reached skill level 12 in Ranged Weapons
  5846 | D:7      | Found a burning altar of Makhleb.
  6171 | D:8      | Reached skill level 13 in Ranged Weapons
  6546 | D:8      | Reached XP level 10. HP: 47/60 MP: 10/10
  6674 | D:8      | Found an opulent altar of Gozag.
  6683 | D:8      | Became a worshipper of Gozag Ym Sagoz the Greedy
  6703 | D:8      | Noticed Joseph
  6960 | D:8      | Killed Joseph
  6961 | D:8      | Reached skill level 14 in Ranged Weapons
  7090 | D:8      | You fall into a shaft and drop 2 floors!
  7090 | D:10     | Entered Level 10 of the Dungeon
  7185 | D:10     | Found a white marble altar of Elyvilon.
  7278 | D:9      | Found a stormy altar of Qazlal.
  7304 | D:9      | Noticed a two-headed ogre
  7312 | D:9      | Slain by a two-headed ogre

Illustrated notes

Levels and vault maps discovered:
D:1:      sevenhm_arrival_forest_fort_small_4, layout_loops_cross
D:2:      layout_basic, serial_shops, shop, basic_ecumenical_altar
D:3:      wad_river_or_something, layout_basic, uniq_jessica, uniq_sigmund,
          uniq_ijyb, uniq_robin
D:4:      minmay_spotlight, layout_loops_ring, uniq_natasha
D:5:      layout_layer_cave, xom_butterflies, minmay_temple_entry_sparse_star,
          serial_bayou_lagoon_b
D:6:      gammafunk_steamed_eel, layout_basic, serial_shops,
          nicolae_shop_bloodbath_and_beyond
D:7:      layout_cave_pools, mainiacjoe_overflow_catwalk,
          minmay_misc_feat_four_crosses
D:8:      layout_cave_pools, mainiacjoe_overflow_large_starburst,
          beargit_hepliaklqana_dungeon_heroes, erik_lair_orcish_takeover,
          uniq_joseph
D:9:      layout_stronghold, grunt_qazlal_clouds, orc_0_dummy,
          serial_column_ruins, column_ruins_hut, column_ruins_hut,
          column_ruins_grid_1, column_ruins_columns_straight,
          column_ruins_open_small, column_ruins_grid_1,
          column_ruins_columns_straight, grunt_ministairs_15
D:10:     minmay_skewed_foursquare, layout_cave_pools, elyvilon_altar_5,
          mainiacjoe_overflow_paths, fiery_altar_vehumet, hangedman_ru_absence,
          nicolae_wu_jian_immortal_techniques

Skill      XL: |  1  2  3  4  5  6  7  8  9 10 |
---------------+-------------------------------+-----
Ranged Weapons | 5 7 9 11 13 14 | 14.5
Fighting       | |  2.1
Dodging        | |  1.7
Stealth        | |  1.2

Action                   |  1- 3 |  4- 6 |  7- 9 | 10-12 || total
-------------------------+-------+-------+-------+-------++-------
 Fire: Shortbow          |    22 |       |       |       ||    22
       Longbow           |    23 |    76 |   204 |    50 ||   353
  Use: Scroll            |     3 |       |     8 |     3 ||    14
       Potion            |     1 |       |     6 |       ||     7
Armor: Leather armour    |     2 |    15 |    36 |     4 ||    57
Dodge: Dodged            |     5 |    14 |    81 |    13 ||   113

Table legend: (Time is in decaauts)
 A = Elapsed time spent in this place.
 B = Non-inter-level travel time spent in this place.
 C = Inter-level travel time spent in this place.
 D = Time resting spent in this place.
 E = Time spent auto-exploring this place.
 F = Levels seen in this place.
 G = Mean time per level.
                   A        B        C        D        E       F      G
               +--------+--------+--------+--------+--------+-----+--------+
         Total |   7420 |   7094 |    326 |   1038 |   4980 |  10 |  742.0 |
       Dungeon |   7420 |   7094 |    326 |   1038 |   4980 |  10 |  742.0 |
               +--------+--------+--------+--------+--------+-----+--------+

Top non-repeatable levels by time:
     D:5: 1358 daAuts
     D:4: 1070 daAuts
     D:3: 1060 daAuts
     D:7: 972 daAuts
     D:6: 950 daAuts
     D:2: 669 daAuts
     D:1: 627 daAuts
     D:8: 490 daAuts
    D:10: 174 daAuts
     D:9: 47 daAuts
